 Dungeon Crawl Stone Soup version 0.23-a0-512-g50a8178 (webtiles) character file.

172 KristoblXynda the Chopper (level 5, 0/46 HPs)
             Began as a Deep Dwarf Fighter on Dec 4, 2018.
             Killed by divine providence
             ... invoked by an orc priest
              (9 damage)
             ... on level 4 of the Dungeon.
             The game lasted 00:03:58 (2193 turns).

KristoblXynda the Chopper (Deep Dwarf Fighter)      Turns: 2193, Time: 00:03:59

Health: 0/46       AC:  7    Str: 20    XL:     5   Next: 27%
Magic:  5/5        EV:  7    Int:  9    God:
Gold:   175        SH:  9    Dex: 12    Spells: 4/4 levels left

rFire    . . .     SeeInvis .   e - +0 hand axe (chop)
rCold    . . .     Gourm    .   c - +0 shield
rNeg     . . .     Faith    .   b - +0 scale mail
rPois    .         Spirit   .   (no helmet)
rElec    .         Reflect  .   (no cloak)
rCorr    .         Harm     .   (no gloves)
MR       .....                  (no boots)
Stlth    ..........             (no amulet)
HPRegen  0.00/turn              (no ring)
MPRegen  0.09/turn              (no ring)

@: non-regenerating
A: damage resistance, heal wounds, sense surroundings 1, no regeneration
a: Heal Wounds


You were on level 4 of the Dungeon.
You were not hungry.

You visited 1 branch of the dungeon, and saw 4 of its levels.

You collected 175 gold pieces.

Inventory:

Hand Weapons
 a - a +0 war axe
 e - a +0 hand axe of chopping (weapon)
Armour
 b - a +0 scale mail (worn)
 c - a +0 shield (worn)
Wands
 h - a wand of clouds (6)
Scrolls
 g - a scroll of remove curse {unknown}
 k - 3 scrolls of teleportation {unknown}
 m - a scroll of enchant weapon {unknown}
 n - a scroll of magic mapping {unknown}
Potions
 d - a potion of might
 j - 2 potions of flight
Comestibles
 f - 8 rations
 i - a chunk of flesh


   Skills:
 - Level 2.6 Fighting
 * Level 4.6 Axes
 + Level 4.3 Armour
 + Level 4.3 Shields


You had 4 spell levels left.
You didn't know any spells.
Your spell library contained the following spells:

 Spells                   Type           Power        Failure   Level  Hunger
 Animate Skeleton         Necr           N/A          99%         1    ##.....
 Apportation              Tloc           #.....       99%         1    ##.....
 Confusing Touch          Hex            #.....       99%         1    ##.....
 Summon Small Mammal      Summ           #...         99%         1    ##.....


Dungeon Overview and Level Annotations

Branches:
Dungeon (4/15)
 Temple: D:4-7

Altars:


Innate Abilities, Weirdness & Mutations

You are resistant to damage.
You can heal yourself by infusing magical energy.
You passively map a small area around you.
You do not regenerate.


Message History

The orc priest is almost dead.
You hit the orc priest but do no damage.
The orc priest barely misses you. x2
You barely miss the orc priest.
The orc priest is almost dead.
You closely miss the orc priest.
The orc priest mumbles some strange prayers to Beogh against you.
Beogh smites you!
* * * LOW HITPOINT WARNING * * *
The orc priest mumbles some strange prayers to Beogh against you.
Pain shoots through your body!
* * * LOW HITPOINT WARNING * * *
You block the orc priest's attack.
The orc priest hits you but does no damage.
You hit the orc priest but do no damage.
The orc priest is almost dead.
You barely miss the orc priest.
The orc priest invokes the aid of Beogh against you.
Beogh smites you!
You die...

.....# #.#
.###.###.#####
.......#.#...# * *
.......#.#...# ,
.......#.#...#
.......#.....# *
...)...#.....#### #
.###.###........##.#
.# #.# #.......o@oo#
.# #.# ##.......####
.# #.####.......#** *
.# #...##.........,
.#####.##..........,,
, .......#######.....
.####### #...... .#
*#.., * .# * ,


You could see 2 orc priests and an orc.

Vanquished Creatures
  A crimson imp (D:3)
  An iguana (D:4)
  6 adders
  An ooze (D:3)
  An adder skeleton (D:3)
  A worm (D:2)
  3 leopard geckos
  5 orcs
  2 giant cockroaches
  3 goblins
  4 hobgoblins (D:1)
  2 quokkas (D:2)
  5 bats
  3 frilled lizards
  2 kobolds (D:3)
  4 rats
44 creatures vanquished.

Notes
Turn   | Place    | Note
-------+----------+-------------------------------------------
     0 | D:1      | KristoblXynda the Deep Dwarf Fighter began the quest for
                  | the Orb.
     0 | D:1      | Reached XP level 1. HP: 20/20 MP: 1/1
   452 | D:1      | Reached XP level 2. HP: 5/27 MP: 2/2
   538 | D:1      | You fall through a shaft!
   708 | D:2      | Reached XP level 3. HP: 13/33 MP: 3/3
  1359 | D:3      | Reached XP level 4. HP: 10/40 MP: 4/4
  1659 | D:3      | Reached XP level 5. HP: 5/46 MP: 5/5
  2193 | D:4      | Killed from afar by an orc priest

Vault maps used:
D:1:      onia_arrival_mini_maze_b
D:3:      first_ration
D:4:      black_bear_nest_1, minmay_temple_entry_overgrown

Skill      XL: |  1  2  3  4 |
---------------+-------------+-----
Axes           | 3 4 |  4.6
Armour         | 4 |  4.3
Shields        | 4 |  4.3
Fighting       | |  2.6

Action                   |  1- 3 |  4- 6 || total
-------------------------+-------+-------++-------
Melee: War axe           |    50 |       ||    50
       Hand axe          |    95 |    93 ||   188
 Abil: Heal Wounds       |       |     1 ||     1
  Use: Scroll            |     2 |     2 ||     4
       Potion            |     1 |     1 ||     2
  Eat: Ration            |     1 |       ||     1
       Chunk             |       |     1 ||     1
Armor: Scale mail        |    75 |    31 ||   106
Dodge: Dodged            |    49 |    27 ||    76
Block: Shield            |    84 |    42 ||   126

Table legend:
 A = Non-vault XP
 B = Vault XP
 C = Vault XP percentage of total XP
 D = Non-vault monster count
 E = Vault monster count
 F = Vault count percentage of total count
                 A         B        C        D         E       F
            +---------+---------+-------+---------+---------+-------
      Total |     247 |       0 |   0.0 |      44 |       0 |   0.0
            +---------+---------+-------+---------+---------+-------
        D:1 |      15 |       0 |   0.0 |       9 |       0 |   0.0
        D:2 |      39 |       0 |   0.0 |       8 |       0 |   0.0
        D:3 |     145 |       0 |   0.0 |      22 |       0 |   0.0
        D:4 |      48 |       0 |   0.0 |       5 |       0 |   0.0
            +---------+---------+-------+---------+---------+-------
